 Dungeon Crawl Stone Soup version 0.30.0-5-g1a98f26d00 (webtiles) character file.

Game seed: 12998231593403849534

4434 lastplaneout the Grappler (level 10, -2/141 HPs)
             Began as a Troll Berserker on May 8, 2023.
             Was a High Priest of Trog.
             Slain by a killer bee (6 damage)
             ... on level 8 of the Dungeon.
             The game lasted 00:16:53 (6949 turns).

lastplaneout the Grappler (Troll Berserker)         Turns: 6949, Time: 00:16:55

Health: -2/141     AC:  8    Str: 31    XL:     10   Next: 14%
Magic:  9/9        EV: 11    Int:  3    God:    Trog [*****.]
Gold:   433        SH:  5    Dex:  9    Spells: 9/9 levels left

rFire   . .          .
                       - Unarmed
rCold   . . .        (no shield)
rNeg    + . .        x - +1 steam dragon scales
rPois   .            (helmet restricted)
rElec   .            (no cloak)
rCorr   .            (gloves unavailable)
SInv    +            (boots unavailable)
Will    .....        b - amulet of reflection Stlth
                     w - ring of see invisible
HPRegen 1.23/turn    p - ring of positive energy
MPRegen 0.11/turn

%: reflection
@: berserking, lethally poisoned (-2 -> -10), very quick
A: large, unfitting armour, claws 3, regeneration 1, shaggy fur 1, tough skin 1
a: Renounce Religion, Berserk, Trog's Hand, Brothers in Arms


You were on level 8 of the Dungeon.
You worshipped Trog.
Trog was extremely pleased with you.
You visited 1 branch of the dungeon, and saw 9 of its levels.
You also visited: Sewer.

You collected 461 gold pieces.
You spent 28 gold pieces at shops.

Inventory:

Hand Weapons
 m - a +7 scimitar of freezing
 n - a +1 glaive of draining
Armour
 a - a +1 animal skin
 x - +1 steam dragon scales (worn)
 y - a +0 robe of cold resistance
Jewellery
 b - an amulet of reflection (around neck)
 p - a ring of positive energy (right claw)
 w - a ring of see invisible (left claw)
Scrolls
 c - 2 scrolls of enchant weapon {unknown}
 e - 4 scrolls of immolation
 j - 4 scrolls of teleportation
 k - a scroll of vulnerability {unknown}
 l - a scroll of summoning {unknown}
 s - 2 scrolls of poison {unknown}
 t - 2 scrolls of fog {unknown}
 u - 3 scrolls of magic mapping {unknown}
 z - a scroll of identify
Potions
 d - a potion of attraction {unknown}
 f - 6 potions of lignification
 g - a potion of mutation {unknown}
 h - 2 potions of curing
 i - a potion of flight {unknown}
 o - 2 potions of resistance {unknown}
 q - 2 potions of cancellation
 r - a potion of haste {unknown}
 v - a potion of invisibility {unknown}


   Skills:
 + Level 4.4 Fighting
 + Level 6.9 Dodging
 - Level 1.7 Shields
 - Level 12.0 Unarmed Combat


You had 9 spell levels left.
You didn't know any spells.
Your spell library was empty.

Dungeon Overview and Level Annotations

Branches:
Dungeon (9/15)             Temple (0/1) D:7           Sewer (visited)
   Lair: D:8-11         Orc: D:9-12

Altars:
Gozag
Hepliaklqana
Makhleb
Qazlal
Ru
Sif Muna
Trog
Uskayaw
Vehumet
The Shining One

Shops:
D:4 ?


Innate Abilities, Weirdness & Mutations

You are too large for most types of armour.
You have claws for hands.
Your natural rate of healing is unusually fast.
You are covered in fur. (AC +1)
You have tough skin. (AC +1)


Message History

You are more poisoned.
The killer bee poisons you!
You claw the killer bee!
The killer bee is heavily wounded.
You feel very sick.
The killer bee stings you but does no damage.
The killer bee misses you. You block the killer bee's attack.
The killer bee barely misses you. The killer bee closely misses you.
You miss the killer bee. Your claw misses the killer bee.
The killer bee is heavily wounded.
You feel sick.
The killer bee stings you but does no damage.
The killer bee stings you!
* * * LOW HITPOINT WARNING * * *
You are more poisoned.
The killer bee poisons you!
The killer bee stings you but does no damage.
The killer bee stings you.
* * * LOW HITPOINT WARNING * * *
The killer bee barely misses you.
You closely miss the killer bee.
The killer bee is heavily wounded.
You feel very sick. The killer bee barely misses you. x2
The killer bee stings you but does no damage. x2
The killer bee stings you.
* * * LOW HITPOINT WARNING * * *
You miss the killer bee.
The killer bee is heavily wounded.
You feel sick. The killer bee misses you. The killer bee stings you!
* * * LOW HITPOINT WARNING * * *
You block the killer bee's attack. The killer bee misses you.
The killer bee stings you but does no damage.
You barely miss the killer bee.
The killer bee is heavily wounded.
* * * LOW HITPOINT WARNING * * *
You feel very sick.
The killer bee stings you but does no damage.
The killer bee closely misses you. The killer bee stings you.
You die...

#.##.# # #.##.########## #
#.##..........# #
#.###########.# #
#.###########<####
#.................
#.#########.######
#y#########.#.....
###########@y.........#.....
#.........yyy.........#.._..
#.##################..#.....
#.# #........#..#..... #.#
#.######.#..######
#.#########.# #.#........
#...........# #.#...#.###
############# #.#...#.###
#|#...#.#..


You could see 5 killer bees.

Vanquished Creatures
  Pikel (D:8)
  Maggie (D:8)
  A hornet (D:8)
  A wraith (D:8)
  Menkaure (D:4)
  A water moccasin (D:6)
  An ice beast (D:5)
  An orc warrior (D:8)
  A sky beast (D:7)
  A centaur (D:7)
  2 lemures (D:8)
  2 phantoms
  5 bullfrogs
  A gnoll sergeant (D:7)
  2 scorpions
  7 wights
  11 killer bees
  4 howler monkeys
  4 jellies
  5 gnoll boudas
  2 orc priests (D:5)
  4 hounds
  3 iguanas
  8 orc wizards
  A sleepcap (D:4)
  18 gnolls
  5 adders
  3 white imps
  2 worms
  2 dart slugs
  36 orcs
  16 ball pythons
  5 endoplasms
  3 giant cockroaches (D:3)
  6 goblins
  4 hobgoblins
  5 jackals
  15 kobolds
  3 quokkas
  8 bats
  8 rats
210 creatures vanquished.

Notes
Turn   | Place    | Note
-------+----------+-------------------------------------------
     0 | D:1      | lastplaneout the Troll Berserker began the quest for the
                  | Orb.
     0 | D:1      | Reached XP level 1. HP: 22/22 MP: 0/0
   123 | D:1      | Reached XP level 2. HP: 29/29 MP: 1/1
   239 | D:1      | Reached XP level 3. HP: 36/36 MP: 2/2
   389 | D:1      | Reached skill level 4 in Unarmed Combat
   411 | D:1      | Reached ** piety under Trog
  1249 | D:3      | HP: 1/54 [something/puff of flame (3)]
  1251 | D:3      | Reached XP level 4. HP: 2/44 MP: 3/3
  1315 | D:3      | Found a glowing drain.
  1332 | D:3      | Reached skill level 5 in Unarmed Combat
  1346 | Sewer    | Entered a sewer
  1559 | Sewer    | Reached *** piety under Trog
  1850 | D:3      | Found a stormy altar of Qazlal.
  1936 | D:3      | Found a radiant altar of Vehumet.
  2153 | D:3      | Found a faded altar of an unknown god.
  2317 | D:4      | Noticed a scorpion
  2318 | D:4      | Reached XP level 5. HP: 45/50 MP: 4/4
  2323 | D:4      | Reached skill level 6 in Unarmed Combat
  2356 | D:4      | Reached XP level 6. HP: 37/59 MP: 5/5
  2469 | D:4      | Noticed Menkaure
  2480 | D:4      | Killed Menkaure
  2481 | D:4      | Reached skill level 7 in Unarmed Combat
  2787 | D:4      | Found a shimmering blue altar of Sif Muna.
  2870 | D:4      | Found an opulent altar of Gozag.
  2970 | D:4      | Found Dysoahys's Magic Scroll Boutique.
  2974 | D:4      | Bought a scroll of identify for 28 gold pieces
  3193 | D:5      | Entered Level 5 of the Dungeon
  3303 | D:5      | Reached XP level 7. HP: 66/66 MP: 6/6
  3305 | D:5      | Reached skill level 8 in Unarmed Combat
  3510 | D:5      | Reached **** piety under Trog
  3525 | D:5      | Reached skill level 9 in Unarmed Combat
  3819 | D:5      | Found a burning altar of Makhleb.
  3819 | D:5      | Found a faded altar of an unknown god.
  3827 | D:5      | Found a faded altar of an unknown god.
  3829 | D:5      | Found a sacrificial altar of Ru.
  3831 | D:5      | Found a bloodstained altar of Trog.
  3921 | D:6      | Reached XP level 8. HP: 54/74 MP: 7/7
  4013 | D:6      | Reached skill level 10 in Unarmed Combat
  4376 | D:6      | Reached skill level 1 in Shields
  4445 | D:6      | Reached skill level 11 in Unarmed Combat
  4839 | D:7      | Found a staircase to the Ecumenical Temple.
  4979 | D:7      | Reached XP level 9. HP: 72/80 MP: 8/8
  5013 | D:7      | Reached skill level 12 in Unarmed Combat
  5161 | D:7      | Found a glowing golden altar of the Shining One.
  5499 | D:7      | Reached ***** piety under Trog
  6020 | D:7      | Found a hazy altar of Hepliaklqana.
  6143 | D:8      | Noticed Maggie
  6160 | D:8      | Killed Maggie
  6266 | D:8      | Noticed Pikel
  6271 | D:8      | Killed Pikel
  6272 | D:8      | Reached skill level 5 in Dodging
  6422 | D:8      | Reached XP level 10. HP: 93/93 MP: 9/9
  6479 | D:8      | Paralysed by a hornet for 1 turns
  6482 | D:8      | Paralysed by a hornet for 1 turns
  6486 | D:8      | Paralysed by a hornet for 2 turns
  6703 | D:8      | Found a hide-covered altar of Uskayaw.
  6948 | D:8      | HP: 7/141 [killer bee (7)]
  6949 | D:8      | Slain by a killer bee

Illustrated notes

Levels and vault maps discovered:
D:1:      wander_arrival_lonely_grave, layout_basic, minmay_pentomino_t4
D:2:      layout_basic, hangedman_abyss_or_decor_stabs
D:3:      layout_loops_cross, mainiacjoe_overflow_catch_the_wave,
          gup_sewer_entry_glass, hellmonk_ecumenical_altar_inner_sanctum,
          hangedman_decor_peaks_small, nrook_uturn, kennysheep_flooded_box,
          supply_closet_lemuel
D:4:      layout_cave_pods, grunt_gozag_statues,
          mainiacjoe_overflow_six_doors_small, serial_shops, shop,
          minmay_surrounded, uniq_menkaure
D:5:      layout_loops_ring, chequers_temple_overflow_minitemple
D:6:      layout_gridville, grunt_ministairs_14, kennysheep_generic_room_7
D:7:      layout_layer_cave, tso_metal_star, worldfamousw_hep_ancestral_shrine,
          minmay_temple_entry_wispy
D:8:      layout_basic, amcnicky_altar_gilded, special_room [special_room_orc],
          serial_curves, eino_curves_01, eino_curves_01, uniq_maggie, uniq_pikel
D:9:      layout_basic, serial_shops, shop_fountains, enter_bailey_7

Skill      XL: |  1  2  3  4  5  6  7  8  9 |
---------------+----------------------------+-----
Unarmed Combat | 4 5 6 7 9 11 12 | 12.0
Shields        | 1 |  1.7
Dodging        | 6 |  6.9
Fighting       | 4 |  4.4

Action                     |  1- 3 |  4- 6 |  7- 9 | 10-12 || total
---------------------------+-------+-------+-------+-------++-------
  Melee: Unarmed           |   100 |   139 |   258 |    46 ||   543
         Punch             |     3 |     4 |    17 |       ||    24
 Invoke: Berserk           |       |       |     2 |     2 ||     4
    Use: Potion            |     1 |       |     3 |     2 ||     6
         Scroll            |       |     7 |     3 |       ||    10
 Armour: Animal skin       |    40 |    33 |    44 |       ||   117
         Skin              |     1 |     1 |       |       ||     2
         Steam dragon scal |       |       |    11 |    43 ||    54
  Dodge: Dodged            |    60 |    70 |   105 |    60 ||   295
  Block: Other             |       |       |    63 |    18 ||    81
         Reflection        |       |       |     1 |       ||     1
